 Dungeon Crawl Stone Soup version 0.26-a0-969-g2c58977ddd (webtiles) character file.

Game seed: 6296954020774987669

0 Gargoyl the Skirmisher (level 1, -2/23 HPs)
             Began as a Gnoll Abyssal Knight on Dec 4, 2020.
             Was a Follower of Lugonu.
             Slain by an iron imp (3 damage)
             ... on level 1 of the Abyss.
             The game lasted 00:00:27 (358 turns).

Gargoyl the Skirmisher (Gnoll Abyssal Knight)        Turns: 358, Time: 00:00:28

Health: -2/23      AC:  6    Str: 14    XL:     1   Next: 0%
Magic:  3/3        EV: 11    Int: 14    God:    Lugonu [*.....]
Gold:   0          SH:  0    Dex: 14    Spells: 0/0 levels left

rFire    . . .     SeeInvis .   a - +1 hand axe
rCold    . . .     Faith    .   (no shield)
rNeg     . . .     Spirit   .   c - +0 ring mail
rPois    .         Reflect  .   (no helmet)
rElec    .         Harm     .   (no cloak)
rCorr    .         Rampage  .   (no gloves)
MR       .....                  (no boots)
Stlth    +.........             (no amulet)
HPRegen  0.07/turn              (no ring)
MPRegen  0.08/turn              (no ring)

@: no status effects
A: distributed training, fangs 1, strong nose
a: Depart the Abyss, Renounce Religion


You were on level 1 of the Abyss.
You worshipped Lugonu.
Lugonu was aware of your devotion.
You visited 0 branches of the dungeon, and saw 0 of its levels.
You visited the Abyss 1 time.

Inventory:

Hand Weapons
 a - a +1 hand axe (weapon)
Armour
 b - a +0 leather armour
 c - a +0 ring mail (worn)
Scrolls
 d - a scroll of immolation


   Skills:
 + Level 6.4 Fighting
 + Level 0.0 Short Blades
 + Level 0.0 Long Blades
 + Level 4.4 Axes
 + Level 0.0 Maces & Flails
 + Level 0.0 Polearms
 + Level 0.0 Staves
 + Level 0.0 Slings
 + Level 0.0 Bows
 + Level 0.0 Crossbows
 + Level 0.0 Throwing
 + Level 4.4 Armour
 + Level 2.3 Dodging
 + Level 0.0 Stealth
 + Level 0.0 Shields
 + Level 0.0 Unarmed Combat
 + Level 0.0 Spellcasting
 + Level 0.0 Conjurations
 + Level 0.0 Hexes
 + Level 0.0 Summonings
 + Level 0.0 Necromancy
 + Level 0.0 Translocations
 + Level 0.0 Transmutations
 + Level 0.0 Fire Magic
 + Level 0.0 Ice Magic
 + Level 0.0 Air Magic
 + Level 0.0 Earth Magic
 + Level 0.0 Poison Magic
 + Level 4.4 Invocations
 + Level 0.0 Evocations


You couldn't memorise any spells.
You didn't know any spells.
Your spell library was empty.

Dungeon Overview and Level Annotations

Branches:
Dungeon (0/15)

Altars:


Innate Abilities, Weirdness & Mutations

Your experience applies equally to all skills.
You have very sharp teeth.
Your uncanny sense of smell can sniff out nearby items.


Message History

Unknown command.
You hit the iron imp but do no damage. The iron imp closely misses you.
You hit the iron imp.
The iron imp is lightly wounded.
The iron imp hits you.
You hit the iron imp.
The iron imp is moderately wounded.
The iron imp hits you!
Unknown command.
You barely miss the iron imp.
The iron imp is moderately wounded.
The iron imp hits you!
* * * LOW HITPOINT WARNING * * *
You hit the iron imp.
The iron imp is moderately wounded.
Unknown command.
You hit the iron imp but do no damage.
The iron imp is moderately wounded.
The iron imp hits you.
You die...

. . .#. ... . .. #
.. ... . .. .. . .
... . ..# .... .
#... ...# ...# #.
##.## ##.## . ## ...
##...## ...### . #
....#.....#.....#...
.#
..................
... ∆.#..@..#. . #
.... . ##.5.## ...
.. ### ###.## #. # #
## # ##.#..## # # #
#...#..#.#.# . ....
.#..# # #... . #.#
..5.. #.###.. ##.#
#.# # .


You could see an iron imp.

Vanquished Creatures (others)
  5 starspawn tentacles (Abyss:1)
5 creatures vanquished.

Notes
Turn   | Place    | Note
-------+----------+-------------------------------------------
     0 | Abyss:1  | Gargoyl the Gnoll Abyssal Knight began the quest for the
                  | Orb.
     0 | Abyss:1  | Reached XP level 1. HP: 23/23 MP: 3/3
    66 | Abyss:1  | Noticed a tentacled starspawn
   335 | Abyss:1  | Noticed an iron imp
   356 | Abyss:1  | HP: 1/23 [iron imp (9)]
   358 | Abyss:1  | Slain by an iron imp

Illustrated notes

Levels and vault maps discovered:
Abyss:1:  base: Temple, base: Temple, minivault_27

Action                   || total
-------------------------++-------
Melee: Hand axe          ||     7
       Bite              ||     1
  Use: Scroll            ||     3
Dodge: Dodged            ||     6

Table legend: (Time is in decaauts)
 A = Elapsed time spent in this place.
 B = Non-inter-level travel time spent in this place.
 C = Inter-level travel time spent in this place.
 D = Time resting spent in this place.
 E = Time spent auto-exploring this place.
 F = Levels seen in this place.
 G = Mean time per level.
                   A        B        C        D        E       F      G
               +--------+--------+--------+--------+--------+-----+--------+
         Total |    358 |    358 |      0 |      0 |    301 |   1 |  358.0 |
         Abyss |    358 |    358 |      0 |      0 |    301 |   1 |  358.0 |
               +--------+--------+--------+--------+--------+-----+--------+

Top non-repeatable levels by time:
 Abyss:1: 358 daAuts
